[ AOE2 MATCH · #472256542 ]
UnrankedMalay vs Persians
Player's team · WIN
Rival team · LOSS
[ REPLAY ANALYSIS · EXTRACTED FROM THE RECORDED GAME ]
Feudal
8:52
Castle
18:54
Imperial
31:35
| APM avg | 45.8 |
| APM peak | 81 |
| eAPM avg | 24.4 |
| Villagers / military | 228 / 543 |
Focus
⚔️ 38.0% · 🌾 62.0%
Spearman ×210 · Archer ×115 · Skirmisher ×103 · Battle Elephant ×79 · Trebuchet (Packed) ×9 · Monk ×6
Feudal
8:28
Castle
19:40
Imperial
35:05
| APM avg | 51.9 |
| APM peak | 124 |
| eAPM avg | 26.6 |
| Villagers / military | 228 / 616 |
Focus
⚔️ 33.4% · 🌾 66.6%
Scout Cavalry ×354 · Skirmisher ×117 · Spearman ×48 · Knight ×30 · Hand Cannoneer ×27 · Camel Scout ×26
Match map
Initial resources + every placement click. Lines = walls · curves = elevation contours. ◆ gold · ⬟ stone · ● berries · ✦ relic · ◌ wall gap
Inputs per minute
— ToBe - - alex_a025
Build order — ToBe
First 150 of 720 actions detected
| 0:01 | Create | Villager (Male) |
| 0:01 | Create | Villager (Male) |
| 0:02 | Build | House |
| 0:03 | Build | House |
| 0:04 | Create | Villager (Male) |
| 0:21 | Create | Villager (Male) |
| 0:21 | Create | Villager (Male) |
| 0:21 | Create | Villager (Male) |
| 1:24 | Create | Villager (Male) |
| 1:24 | Create | Villager (Male) |
| 1:24 | Create | Villager (Male) |
| 2:01 | Create | Villager (Male) |
| 2:01 | Create | Villager (Male) |
| 2:17 | Create | Villager (Male) |
| 2:25 | Build | Lumber Camp |
| 2:51 | Create | Villager (Male) |
| 2:54 | Create | Villager (Male) |
| 3:09 | Create | Villager (Male) |
| 3:10 | Create | Villager (Male) |
| 3:39 | Create | Villager (Male) |
| 3:39 | Create | Villager (Male) |
| 3:39 | Create | Villager (Male) |
| 3:49 | Create | Villager (Male) |
| 3:49 | Create | Villager (Male) |
| 3:52 | Build | House |
| 4:24 | Create | Villager (Male) |
| 4:24 | Create | Villager (Male) |
| 4:28 | Build | Mill |
| 4:44 | Create | Villager (Male) |
| 4:44 | Create | Villager (Male) |
| 4:44 | Create | Villager (Male) |
| 5:33 | Research | Loom |
| 5:34 | Research | Loom |
| 5:47 | Create | Villager (Male) |
| 5:56 | Build | Mining Camp |
| 6:19 | Research | Loom |
| 6:19 | Research | Loom |
| 6:39 | Create | Villager (Male) |
| 6:40 | Create | Villager (Male) |
| 6:44 | Build | House |
| 7:33 | Research | Feudal Age |
| 7:33 | Research | Feudal Age |
| 7:38 | Build | Lumber Camp |
| 8:39 | Create | Villager (Male) |
| 8:52 | Age | Feudal Age |
| 8:54 | Build | Barracks |
| 9:06 | Research | Double-Bit Axe |
| 9:06 | Create | Villager (Male) |
| 9:35 | Build | House |
| 9:46 | Create | Villager (Male) |
| 9:46 | Create | Villager (Male) |
| 9:46 | Create | Villager (Male) |
| 9:46 | Create | Villager (Male) |
| 9:47 | Create | Villager (Male) |
| 9:59 | Build | Archery Range |
| 10:20 | Build | Mill |
| 10:35 | Create | Spearman |
| 10:37 | Create | Villager (Male) |
| 10:45 | Build | House |
| 10:51 | Create | Archer |
| 10:53 | Build | Palisade Gate |
| 10:54 | Build | Palisade Wall |
| 11:00 | Build | Palisade Wall |
| 11:03 | Build | Palisade Wall |
| 11:12 | Build | Farm |
| 11:12 | Build | Farm |
| 11:18 | Create | Archer |
| 11:20 | Build | Palisade Wall |
| 11:32 | Create | Villager (Male) |
| 11:49 | Build | Palisade Wall |
| 11:54 | Build | Farm |
| 11:54 | Create | Villager (Male) |
| 12:17 | Build | Farm |
| 12:18 | Create | Villager (Male) |
| 12:20 | Create | Archer |
| 12:30 | Build | House |
| 12:37 | Research | Horse Collar |
| 12:37 | Research | Horse Collar |
| 12:39 | Create | Villager (Male) |
| 12:40 | Build | Farm |
| 13:15 | Create | Archer |
| 13:17 | Create | Villager (Male) |
| 13:23 | Build | Farm |
| 13:39 | Build | Blacksmith |
| 13:41 | Build | House |
| 13:56 | Create | Villager (Male) |
| 13:58 | Build | Farm |
| 14:01 | Build | Farm |
| 14:18 | Create | Villager (Male) |
| 14:29 | Create | Villager (Male) |
| 14:32 | Build | House |
| 14:34 | Build | House |
| 14:41 | Build | House |
| 14:51 | Create | Villager (Male) |
| 14:53 | Build | Farm |
| 14:56 | Build | Farm |
| 14:58 | Build | Farm |
| 15:10 | Create | Villager (Male) |
| 15:12 | Build | Farm |
| 15:22 | Build | Farm |
| 15:39 | Build | Farm |
| 15:40 | Create | Villager (Male) |
| 15:44 | Build | Farm |
| 16:11 | Create | Villager (Male) |
| 16:11 | Create | Archer |
| 16:25 | Build | Farm |
| 16:28 | Create | Villager (Male) |
| 16:32 | Build | Farm |
| 16:43 | Create | Villager (Male) |
| 17:14 | Build | Stable |
| 17:18 | Research | Castle Age |
| 17:18 | Research | Castle Age |
| 17:19 | Research | Castle Age |
| 17:21 | Research | Gold Mining |
| 17:21 | Research | Gold Mining |
| 17:51 | Research | Scale Barding Armor |
| 17:51 | Research | Scale Barding Armor |
| 17:52 | Research | Forging |
| 17:52 | Research | Forging |
| 17:52 | Research | Forging |
| 18:17 | Build | Stable |
| 18:54 | Age | Castle Age |
| 18:57 | Create | Battle Elephant |
| 18:58 | Create | Villager (Male) |
| 19:15 | Build | Town Center |
| 19:19 | Create | Battle Elephant |
| 19:20 | Create | Villager (Male) |
| 19:31 | Create | Battle Elephant |
| 19:32 | Create | Villager (Male) |
| 19:34 | Research | Bow Saw |
| 19:34 | Research | Bow Saw |
| 19:37 | Create | Villager (Male) |
| 19:50 | Create | Battle Elephant |
| 20:06 | Research | Husbandry |
| 20:37 | Create | Villager (Male) |
| 20:37 | Create | Villager (Male) |
| 20:46 | Build | Monastery |
| 20:56 | Create | Villager (Male) |
| 21:03 | Create | Scout Cavalry |
| 21:06 | Create | Villager (Male) |
| 21:07 | Create | Villager (Male) |
| 21:17 | Create | Monk |
| 21:26 | Create | Monk |
| 21:28 | Create | Villager (Male) |
| 21:56 | Create | Battle Elephant |
| 21:56 | Create | Battle Elephant |
| 21:56 | Create | Villager (Male) |
| 21:57 | Create | Villager (Male) |
| 22:09 | Create | Villager (Male) |
| 22:16 | Build | Town Center |
Build order — alex_a025
First 150 of 711 actions detected
| 0:01 | Create | Villager (Male) |
| 0:01 | Create | Villager (Male) |
| 0:02 | Build | House |
| 0:03 | Build | House |
| 0:28 | Create | Villager (Male) |
| 0:28 | Create | Villager (Male) |
| 0:28 | Create | Villager (Male) |
| 1:22 | Create | Villager (Male) |
| 1:22 | Create | Villager (Male) |
| 1:58 | Create | Villager (Male) |
| 1:58 | Create | Villager (Male) |
| 2:19 | Build | Lumber Camp |
| 2:50 | Create | Villager (Male) |
| 2:50 | Create | Villager (Male) |
| 3:12 | Create | Villager (Male) |
| 3:12 | Create | Villager (Male) |
| 3:22 | Build | House |
| 3:24 | Build | House |
| 3:49 | Create | Villager (Male) |
| 3:50 | Create | Villager (Male) |
| 3:51 | Create | Villager (Male) |
| 3:51 | Create | Villager (Male) |
| 4:30 | Create | Villager (Male) |
| 4:41 | Build | Mill |
| 5:06 | Create | Villager (Male) |
| 5:22 | Create | Villager (Male) |
| 5:54 | Research | Loom |
| 6:14 | Research | Feudal Age |
| 7:02 | Build | Palisade Wall |
| 7:33 | Build | Palisade Wall |
| 7:44 | Build | Palisade Wall |
| 7:50 | Create | Villager (Male) |
| 8:15 | Build | Barracks |
| 8:19 | Build | Palisade Wall |
| 8:28 | Age | Feudal Age |
| 8:30 | Research | Double-Bit Axe |
| 8:47 | Research | Horse Collar |
| 8:52 | Create | Villager (Male) |
| 9:23 | Create | Villager (Male) |
| 9:26 | Build | Farm |
| 9:28 | Create | Villager (Male) |
| 9:37 | Build | House |
| 9:38 | Build | House |
| 9:43 | Build | Palisade Wall |
| 9:49 | Build | Farm |
| 9:51 | Create | Villager (Male) |
| 10:21 | Build | Archery Range |
| 10:27 | Create | Villager (Male) |
| 10:28 | Create | Villager (Male) |
| 10:42 | Build | Farm |
| 10:49 | Build | Farm |
| 10:51 | Create | Villager (Male) |
| 10:58 | Build | House |
| 11:11 | Build | Farm |
| 11:22 | Create | Villager (Male) |
| 11:23 | Create | Skirmisher |
| 11:38 | Create | Skirmisher |
| 11:42 | Build | Farm |
| 11:45 | Build | Farm |
| 11:47 | Build | House |
| 11:51 | Create | Skirmisher |
| 11:56 | Create | Villager (Male) |
| 12:01 | Build | Farm |
| 12:11 | Build | House |
| 12:18 | Create | Skirmisher |
| 12:24 | Build | Farm |
| 12:26 | Create | Villager (Male) |
| 12:32 | Build | Farm |
| 12:36 | Build | House |
| 12:39 | Build | House |
| 12:43 | Create | Villager (Male) |
| 12:50 | Create | Villager (Male) |
| 12:52 | Build | House |
| 12:57 | Create | Skirmisher |
| 13:24 | Build | Mining Camp |
| 13:36 | Build | House |
| 13:48 | Build | House |
| 13:57 | Create | Villager (Male) |
| 14:01 | Build | Farm |
| 14:05 | Build | Farm |
| 14:20 | Build | Farm |
| 14:25 | Create | Villager (Male) |
| 14:33 | Create | Skirmisher |
| 14:42 | Build | Palisade Wall |
| 14:45 | Create | Villager (Male) |
| 14:48 | Create | Villager (Male) |
| 14:51 | Build | Farm |
| 15:05 | Build | Farm |
| 15:23 | Build | Farm |
| 15:26 | Create | Villager (Male) |
| 15:52 | Build | Farm |
| 15:54 | Create | Villager (Male) |
| 16:12 | Create | Villager (Male) |
| 16:14 | Build | Blacksmith |
| 16:33 | Create | Villager (Male) |
| 16:43 | Build | House |
| 17:15 | Research | Castle Age |
| 17:19 | Build | Stable |
| 17:58 | Build | House |
| 18:09 | Build | Stable |
| 18:14 | Build | House |
| 18:17 | Research | Scale Barding Armor |
| 18:18 | Research | Bloodlines |
| 18:20 | Create | Villager (Male) |
| 18:30 | Build | Farm |
| 18:34 | Build | House |
| 18:35 | Build | House |
| 19:31 | Create | Villager (Male) |
| 19:35 | Research | Gold Mining |
| 19:40 | Age | Castle Age |
| 19:45 | Research | Bow Saw |
| 19:47 | Create | Knight |
| 19:47 | Create | Knight |
| 19:58 | Build | Monastery |
| 20:18 | Create | Villager (Male) |
| 20:21 | Create | Knight |
| 20:22 | Create | Knight |
| 20:24 | Create | Villager (Male) |
| 20:40 | Build | House |
| 20:42 | Build | Palisade Wall |
| 20:44 | Create | Monk |
| 20:44 | Create | Monk |
| 20:55 | Create | Villager (Male) |
| 20:59 | Create | Camel Scout |
| 20:59 | Create | Camel Scout |
| 21:07 | Build | Town Center |
| 21:17 | Create | Monk |
| 21:28 | Create | Camel Scout |
| 21:28 | Create | Camel Scout |
| 21:52 | Create | Monk |
| 22:10 | Build | Farm |
| 22:10 | Create | Villager (Male) |
| 22:11 | Create | Villager (Male) |
| 22:19 | Research | Husbandry |
| 22:20 | Create | Camel Scout |
| 22:21 | Create | Camel Scout |
| 22:30 | Create | Villager (Male) |
| 22:31 | Create | Villager (Male) |
| 22:40 | Build | Farm |
| 22:46 | Build | Town Center |
| 22:56 | Create | Villager (Male) |
| 22:56 | Create | Villager (Male) |
| 23:11 | Create | Camel Scout |
| 23:11 | Create | Camel Scout |
| 23:11 | Create | Camel Scout |
| 23:14 | Build | Farm |
| 23:54 | Create | Camel Scout |
| 23:54 | Create | Camel Scout |
| 23:55 | Create | Camel Scout |
| 24:05 | Create | Monk |
Match timeline
| 7:02 | alex_a025 · wall_segment Palisade Wall x6 |
| 7:33 | alex_a025 · wall_segment Palisade Wall x15 |
| 7:44 | alex_a025 · wall_segment Palisade Wall x3 |
| 8:15 | alex_a025 · first_building Barracks |
| 8:19 | alex_a025 · wall_segment Palisade Wall x9 |
| 8:28 | alex_a025 · age_up feudal |
| 8:52 | ToBe · age_up feudal |
| 8:54 | ToBe · first_building Barracks |
| 9:43 | alex_a025 · wall_segment Palisade Wall x3 |
| 9:59 | ToBe · first_building Archery Range |
| 10:21 | alex_a025 · first_building Archery Range |
| 10:54 | ToBe · wall_segment Palisade Wall x7 |
| 11:00 | ToBe · wall_segment Palisade Wall x9 |
| 11:03 | ToBe · wall_segment Palisade Wall x4 |
| 11:20 | ToBe · wall_segment Palisade Wall x5 |
| 11:49 | ToBe · wall_segment Palisade Wall x9 |
| 14:42 | alex_a025 · wall_segment Palisade Wall x11 |
| 17:14 | ToBe · first_building Stable |
| 17:19 | alex_a025 · first_building Stable |
| 18:54 | ToBe · age_up castle |
| 19:40 | alex_a025 · age_up castle |
| 19:58 | alex_a025 · first_building Monastery |
| 20:42 | alex_a025 · wall_segment Palisade Wall x1 |
| 20:46 | ToBe · first_building Monastery |
| 29:39 | ToBe · first_market_buy 100 food |
| 29:55 | alex_a025 · first_market_buy 100 food |
| 31:35 | ToBe · age_up imperial |
| 31:35 | alex_a025 · first_building Castle |
| 32:35 | ToBe · first_market_sell 100 food |
| 32:43 | ToBe · first_building Castle |
| 32:59 | alex_a025 · first_building Siege Workshop |
| 35:05 | alex_a025 · age_up imperial |
| 37:09 | alex_a025 · first_market_sell 500 stone |
| 46:38 | alex_a025 · wall_segment Stone Wall x7 |
| 53:11 | ToBe · wall_segment Stone Wall x1 |
| 53:14 | ToBe · wall_segment Stone Wall x1 |
| 61:57 | ToBe · first_building Siege Workshop |
| 63:30 | alex_a025 · wall_segment Palisade Wall x3 |
| 65:15 | alex_a025 · resign |
[ AI ANALYSIS · 1 CREDIT ]
What really happened in this match?
Wolo.gg analyzes every decision: build order, eco, micro, common mistakes by bracket. Personalized analysis on WhatsApp or Discord in 30 seconds.
Civ guide
Malay
Perfil
Jugador #24537812